AoeStats
← 妓术总奸

Fortress

507731885Analyzed
3v3 RM · 13d ago on Sep 19, 2026· 49m 37s· 6 players
Game mode
Random Map
Map size
Large (8 player)
Population
200
Speed
Normal
Resources
Standard
Victory
Conquest
Starting age
Dark Age
Ending age
Imperial Age
RankedLock teamsTeams togetherTeam positionsShared explorationLock speedFull tech treeHidden civsTurbo modeCheats
Victory
Defeat
🇩🇪 Mongols · Germany
1115
+10
🇳🇱 Inca · Netherlands
1102
+11
🇧🇷 Japanese · Brazil
1090
+11
🇨🇳 Chinese · China
1014
-11
🇨🇳 Mapuche · China
1010
-30
🇨🇳 Huns · China
931
-9
rafaelpereira2007
2:19 Loom
6:21 Feudal Age
8:16 Double-Bit Axe
10:08 Horse Collar
12:56 Castle Age
12:36 Stone Mining
16:42 Bow Saw
20:28 Wheelbarrow
23:02 Gold Mining
23:16 Crossbowman
23:49 Fletching
25:50 Squires
25:35 Gambesons
27:20 Heavy Plow
30:39 Imperial Age
28:05 Elite Skirmisher
29:05 Forging
28:56 Scale Mail Armor
29:36 Arson
29:12 Pikeman
32:35 Chemistry
31:45 Bodkin Arrow
31:52 Padded Archer Armor
32:14 Yasama
32:15 Town Watch
33:25 Iron Casting
32:54 Bracer
32:50 Guard Tower
32:50 Arrowslits
33:30 Ballistics
34:43 Leather Archer Armor
34:47 Chain Mail Armor
35:25 Masonry
35:54 Kataparuto
36:12 Thumb Ring
36:44 Plate Mail Armor
36:32 Hand Cart
37:23 Two-Man Saw
36:20 Halberdier
38:05 Blast Furnace
37:45 Ring Archer Armor
38:09 Conscription
38:25 Hoardings
37:57 Elite Samurai
39:53 Keep
39:00 Treadmill Crane
39:16 Murder Holes
38:51 Arbalester
44:03 Gold Shaft Mining
43:31 Town Patrol
46:50 Capped Ram
Giraffetietje
8:46 Feudal Age
9:26 Double-Bit Axe
9:25 Horse Collar
14:20 Castle Age
13:33 Loom
14:24 Wheelbarrow
15:35 Bow Saw
15:29 Heavy Plow
15:23 Gold Mining
15:25 Stone Mining
15:28 Gold Mining
19:40 Stone Shaft Mining
29:20 Imperial Age
30:46 Onager
31:34 Capped Ram
32:39 Siege Engineers
33:21 Forging
33:12 Scale Mail Armor
34:57 Iron Casting
35:16 Chain Mail Armor
37:01 Blast Furnace
38:54 Plate Mail Armor
37:50 Elite Kamayuk
38:36 Fabric Shields
38:58 Conscription
39:10 Siege Ram
DeusMaximus263
5:56 Feudal Age
4:59 Loom
8:49 Double-Bit Axe
11:55 Castle Age
9:51 Horse Collar
13:35 Wheelbarrow
19:01 Padded Archer Armor
18:56 Fletching
21:59 Hand Cart
21:55 Town Watch
23:19 Bodkin Arrow
23:24 Padded Archer Armor
24:20 Ballistics
24:07 Heavy Plow
24:21 Bow Saw
24:04 Gold Mining
25:42 Leather Archer Armor
28:24 Gold Shaft Mining
28:32 Scale Barding Armor
29:10 Bloodlines
29:01 Husbandry
32:48 Imperial Age
31:54 Chain Barding Armor
33:49 Drill
33:50 Conscription
32:52 Elite Mangudai
33:22 Capped Ram
34:40 Siege Ram
36:32 Chemistry
35:34 Bracer
36:59 Light Cavalry
39:09 Hussar
40:11 Forging
41:28 Iron Casting
41:21 Parthian Tactics
妓术总奸
9:04 Feudal Age
9:31 Double-Bit Axe
9:30 Horse Collar
10:27 Wheelbarrow
16:45 Castle Age
15:44 Bloodlines
15:34 Gold Mining
17:51 Hand Cart
18:51 Husbandry
19:07 Forging
19:04 Scale Barding Armor
19:35 Bow Saw
19:51 Heavy Plow
31:46 Coinage
32:20 Caravan
32:31 Caravan
36:43 Imperial Age
36:43 Iron Casting
36:32 Chain Barding Armor
38:29 Two-Man Saw
38:05 Banking
37:20 Cavalier
39:42 Paladin
41:29 Blast Furnace
40:58 Conscription
41:30 Plate Barding Armor
44:58 Light Cavalry
45:58 Hussar
asdgs776
8:27 Feudal Age
10:33 Double-Bit Axe
13:13 Castle Age
11:05 Horse Collar
13:04 Gold Mining
13:06 Stone Mining
13:14 Stone Mining
14:24 Wheelbarrow
15:40 Bow Saw
15:49 Caravan
16:10 Heavy Plow
16:21 Heavy Plow
16:49 Fletching
17:39 Malon
18:12 Arson
22:42 Hand Cart
26:05 Loom
26:08 Town Watch
28:37 Fletching
28:49 Padded Archer Armor
33:48 Imperial Age
31:22 Town Patrol
31:31 Bodkin Arrow
35:08 Conscription
34:38 Elite Bolas Rider
35:38 Leather Archer Armor
36:27 Butalmapu
39:28 Crop Rotation
39:34 Gold Shaft Mining
39:41 Gold Shaft Mining
39:45 Stone Shaft Mining
47:01 Elite Kona
子厚
0:28 Loom
9:07 Feudal Age
10:02 Double-Bit Axe
13:03 Castle Age
10:48 Horse Collar
11:28 Gold Mining
11:32 Stone Mining
14:49 Fletching
15:00 Padded Archer Armor
16:06 Bow Saw
16:44 Heavy Plow
16:43 Bodkin Arrow
17:03 Leather Archer Armor
27:09 Ballistics
27:12 Thumb Ring
32:19 Wheelbarrow
31:30 Town Watch
33:16 Town Patrol
33:34 Hand Cart
34:36 Fortified Wall
34:37 Masonry
34:22 Murder Holes
37:43 Imperial Age
36:07 Great Wall
39:04 Conscription
40:14 Two-Man Saw
40:20 Two-Man Saw
42:37 Bracer
43:07 Ring Archer Armor
43:41 Chemistry
42:33 Heavy Cavalry Archer
46:42 Elite Skirmisher
Connection lost

Rejoining the realm…

Still unreachable

The connection could not be restored.

Session expired

The server has moved on; the page needs a fresh start.